 Dungeon Crawl Stone Soup version 0.17-a0-1798-g879a7aa (webtiles) character file.

75 shakdrar the Skirmisher (level 4, -1/37 HPs)
             Began as a Demonspawn Abyssal Knight on Sept 10, 2015.
             Was a Believer of Lugonu.
             Killed by a spatial distortion (4 damage)
             ... on level 2 of the Dungeon.
             The game lasted 00:06:24 (1336 turns).

shakdrar the Skirmisher (Demonspawn Abyssal Knight) Turns: 1336, Time: 00:06:24

Health: -1/37      AC:  7    Str: 13    XL:     4   Next: 11%
Magic:  5/5        EV: 12    Int: 14    God:    Lugonu [**....]
Gold:   45         SH:  0    Dex: 12    Spells: 0 memorised, 3 levels left

rFire  . . .     SeeInvis .     a - +1 hand axe
rCold  . . .     Clarity  .     b - +0 leather armour
rNeg   . . .     SustAt   +     (no shield)
rPois  .         Gourm    .     j - +0 helmet (curse)
rElec  .         Spirit   .     (no cloak)
rCorr  +         Warding  .     e - +1 pair of gloves
rMut   .         Stasis   .     (no boots)
MR     .....                    g - amulet of resist corrosion
Stlth  +.........               h - ring of sustain attributes
                                f - ring of flight

@: not resistant to hostile enchantments, very unstealthy
A: molten scales 1, powered by pain 1
a: Depart the Abyss, Bend Space, Renounce Religion, Evoke Flight


You were on level 2 of the Dungeon.
You worshipped Lugonu.
Lugonu was pleased with you.
You were not hungry.

You visited 1 branch of the dungeon, and saw 2 of its levels.
You visited the Abyss 1 time.

You collected 45 gold pieces.

Inventory:

Hand weapons
 a - a +1 hand axe (weapon)
Armour
 b - a +0 leather armour (worn)
 e - a +1 pair of gloves (worn)
 j - a cursed +0 helmet (worn)
Jewellery
 f - a ring of flight (left hand)
 g - an amulet of resist corrosion (around neck)
 h - a ring of sustain attributes (right hand)
Potions
 i - a potion of brilliance
Comestibles
 c - 2 bread rations
 d - 3 meat rations


   Skills:
 + Level 3.7 Fighting
 + Level 2.1 Axes
 + Level 2.4 Armour
 + Level 2.1 Dodging
 + Level 2.4 Invocations


You had 3 spell levels left.
You didn't know any spells.

Dungeon Overview and Level Annotations

Branches:
Dungeon (2/15)

Altars:

Annotations:
D:2 Terence


Innate Abilities, Weirdness & Mutations

You are partially covered in molten scales (AC +1).
You sometimes gain a little power by taking damage.


Message History

* * * LOW HITPOINT WARNING * * *
You hit Terence.
Terence is severely wounded.
Terence hits you but does no damage.
You closely miss Terence.
Terence is severely wounded.
Terence hits you but does no damage.
You completely miss Terence.
Terence is severely wounded.
Terence barely misses you.
You barely miss Terence.
Terence is severely wounded.
Terence hits you with a flail.
* * * LOW HITPOINT WARNING * * *
You hit Terence.
Terence is almost dead.
Terence completely misses you.
Use which ability?
Space bends around you!
You blink.
You die...

..# #.# #.# #.#
#.# #######.#
#.......#
#.##############
#.# #...@...@ยง#
#.# #.#########
#.####.#
#......#
########


You could see Terence.

Vanquished Creatures
  Jessica (D:2)
  An adder (D:2)
  3 giant geckos
  5 bats
  A giant cockroach (D:1)
  2 goblins (D:1)
  4 hobgoblins
  A quokka (D:2)
  A ball python (D:2)
  A giant newt (D:1)
  4 jackals (D:2)
  5 kobolds (D:1)
  6 rats
35 creatures vanquished.

Notes
Turn   | Place    | Note
--------------------------------------------------------------
     0 | Abyss:1  | shakdrar the Demonspawn Abyssal Knight began the quest for the Orb.
     0 | Abyss:1  | Reached XP level 1. HP: 18/18 MP: 2/2
    27 | D:1      | Escaped the Abyss
   273 | D:1      | Reached skill level 1 in Dodging
   280 | D:1      | Gained mutation: You are partially covered in molten scales (AC +1). [demonic ancestry]
   280 | D:1      | Reached XP level 2. HP: 20/24 MP: 3/3
   877 | D:1      | Acquired Lugonu's second power
  1058 | D:2      | Reached XP level 3. HP: 29/29 MP: 4/4
  1199 | D:2      | Noticed Jessica
  1211 | D:2      | Killed Jessica
  1211 | D:2      | Gained mutation: You sometimes gain a little power by taking damage. [demonic ancestry]
  1211 | D:2      | Reached XP level 4. HP: 24/37 MP: 5/5
  1278 | D:2      | Noticed Terence
  1336 | D:2      | Killed by a spatial distortion

Vault maps used:
D:1:      dpeg_arrival_line_fractal
D:2:      first_bread, uniq_terence, uniq_jessica, uniq_natasha

Action                   |  1- 3 |  4- 6 || total
-------------------------+-------+-------++-------
Melee: Hand axe          |   114 |    28 ||   142
  Use: Scroll            |     3 |       ||     3
       Potion            |     1 |       ||     1
  Eat: Bread ration      |     1 |       ||     1
